 Dungeon Crawl Stone Soup version 0.27.1-4-g1640c2035a (webtiles) character file.

Game seed: 582449442805467484

289 SeanCanFly the Gusty (level 6, -2/29 (32) HPs)
             Began as a Tengu Air Elementalist on Nov 18, 2021.
             Killed from afar by Sigmund (6 damage)
             ... with a puff of flame
             ... on level 3 of the Dungeon.
             The game lasted 00:21:11 (4279 turns).

SeanCanFly the Gusty (Tengu Air Elementalist)       Turns: 4279, Time: 00:21:12

HP:   -2/29 (32)    AC:  2    Str:  7 (8)  XL:     6   Next: 31%
MP:   6/11          EV: 15    Int: 16 (18) God:
Gold: 110           SH:  0    Dex: 11 (14) Spells: 8/11 levels left

rFire    . . .     SeeInvis .   d - +2 dagger (venom)
rCold    . . .     Faith    .   (no shield)
rNeg     . . .     Spirit   .   a - +0 robe
rPois    .         Reflect  .   (helmet restricted)
rElec    .         Harm     .   (no cloak)
rCorr    .         Rampage  .   (no gloves)
Will     .....                  (boots unavailable)
Stlth    ++........             (no amulet)
HPRegen  0.09/turn              (no ring)
MPRegen  0.12/turn              (no ring)

@: flying quickly and evasively, drained, quick
A: beak, talons 3, nimble flight
a: no special abilities


You were on level 3 of the Dungeon.
You visited 1 branch of the dungeon, and saw 3 of its levels.

You collected 110 gold pieces.

Inventory:

Hand Weapons
 d - a +2 dagger of venom (weapon)
 j - a +2 trident of venom
 k - a +2 flail of draining
 l - a +0 dagger of electrocution
Armour
 a - a +0 robe (worn)
Wands
 f - a wand of flame (10)
Scrolls
 b - a scroll of fear {unknown}
Potions
 g - 3 potions of degeneration
 h - a potion of curing {unknown}


   Skills:
 + Level 3.7 Dodging
 - Level 2.0 Stealth
 + Level 3.1 Spellcasting
 + Level 3.7 Conjurations
 * Level 6.5 Air Magic


You had 8 spell levels left.
You knew the following spells:

 Your Spells              Type           Power      Damage    Failure   Level
a - Shock                 Conj/Air       72%        1d7       2%          1
b - Static Discharge      Conj/Air       18%        N/A       3%          2

Your spell library contained the following spells:

 Spells                   Type           Power      Damage    Failure   Level
 Swiftness                Air            23%        N/A       3%          3
 Airstrike                Air            11%        N/A       13%         4
 Mephitic Cloud           Conj/Pois/Air  13%        N/A       14%         3
 Blink                    Tloc           N/A        N/A       28%         2
 Ignite Poison            Fire/Tmut/Pois 2%         N/A       50%         3
 Lesser Beckoning         Tloc           1%         N/A       50%         3
 Bolt of Magma            Conj/Fire/Erth 3%         4d5       97%         5
 Manifold Assault         Tloc           2%         N/A       99%         5


Dungeon Overview and Level Annotations

Branches:
Dungeon (3/15)

Altars:

Annotations:
D:3 Sigmund


Innate Abilities, Weirdness & Mutations

You have a beak for a mouth.
You have claws for feet.
Your magical nature lets you fly swiftly and evasively.


Message History

Sigmund is moderately wounded.
Sigmund shouts!
Unknown command.
Casting: Shock (safe; 2% risk of failure)
Confirm with . or Enter, or press ? or * to list all spells.
Aiming: Shock (safe; 2% risk of failure)
Press: ? - help, Shift-Dir - straight line, f/p - Sigmund
Aim: Sigmund, wielding a +2 scythe of venom, wearing a +0 robe and carrying a wand of iceblast (11) (moderately wounded, 68% to hit)
The zap hits Sigmund.
Sigmund is moderately wounded.
Casting: Shock (safe; 2% risk of failure)
Confirm with . or Enter, or press ? or * to list all spells.
Aiming: Shock (safe; 2% risk of failure)
Press: ? - help, Shift-Dir - straight line, f/p - Sigmund
Aim: Sigmund, wielding a +2 scythe of venom, wearing a +0 robe and carrying a wand of iceblast (11) (moderately wounded, 68% to hit)
The zap hits Sigmund.
Sigmund is heavily wounded.
Casting: Shock (safe; 2% risk of failure)
Confirm with . or Enter, or press ? or * to list all spells.
Aiming: Shock (safe; 2% risk of failure)
Press: ? - help, Shift-Dir - straight line, f/p - Sigmund
Aim: Sigmund, wielding a +2 scythe of venom, wearing a +0 robe and carrying a wand of iceblast (11) (heavily wounded, 68% to hit)
The zap misses Sigmund.
Sigmund zaps a wand.
The mass of ice explodes!
The iceblast engulfs you!
Ouch! That really hurt!
Unknown command.
Casting: Shock (safe; 2% risk of failure)
Confirm with . or Enter, or press ? or * to list all spells.
Aiming: Shock (safe; 2% risk of failure)
Press: ? - help, Shift-Dir - straight line, f/p - Sigmund
Aim: Sigmund, wielding a +2 scythe of venom, wearing a +0 robe and carrying a wand of iceblast (10) (heavily wounded, 68% to hit)
The zap hits Sigmund.
Sigmund is severely wounded.
Sigmund casts a spell at you. The puff of flame hits you!
* * * LOW HITPOINT WARNING * * *
Unknown command.
Sigmund points at you and mumbles some strange words.
The puff of flame hits you.
You die...

##.# ...#. #.. ........#
###. ....#......#
.....#.@....# ....
..)..#......#
###..............# ####
#.............##...## #
##......#...##.#..)..##
....>........@.......#
#####.........#.........#
..........#..###......).#
..........#..# ##......##
.............# ##.....#
.........#.#.# ......#
.........#...# ......#
............... ......#
.#######.......#


You could see Sigmund.

Vanquished Creatures
  The ghost of Unglued128 the Grave Robber, an amateur DsNe (D:3)
  Terence (D:3)
  Natasha (thrice) (D:2)
  Robin (D:3)
  An adder (D:2)
  A white imp (D:3)
  2 worms
  A dart slug (D:3)
  An orc (D:3)
  7 ball pythons
  2 endoplasms
  3 giant cockroaches
  14 goblins
  14 hobgoblins
  5 jackals (D:2)
  A quokka (D:3)
  5 bats
  2 frilled lizards
  2 kobolds
  7 rats
74 creatures vanquished.

Notes
Turn   | Place    | Note
-------+----------+-------------------------------------------
     0 | D:1      | SeanCanFly the Tengu Air Elementalist began the quest for
                  | the Orb.
     0 | D:1      | Reached XP level 1. HP: 10/10 MP: 4/4
    96 | D:1      | Found a faded altar of an unknown god.
   247 | D:1      | Reached XP level 2. HP: 14/15 MP: 0/6
  1303 | D:2      | Noticed Natasha
  1312 | D:2      | Killed Natasha
  1313 | D:2      | Reached XP level 3. HP: 13/19 MP: 2/7
  1563 | D:2      | Reached skill level 5 in Air Magic
  1732 | D:2      | Reached XP level 4. HP: 24/24 MP: 4/8
  2235 | D:2      | Noticed Natasha
  2242 | D:2      | Killed Natasha
  2277 | D:2      | Noticed Natasha
  2289 | D:2      | Killed Natasha
  2290 | D:2      | Gained mutation: Your magical nature lets you fly swiftly
                  | and evasively. [Tengu growth]
  2290 | D:2      | Reached XP level 5. HP: 14/28 MP: 1/10
  2724 | D:3      | Learned a level 2 spell: Static Discharge
  2759 | D:3      | Found a runed translucent gate.
  2759 | D:3      | Found a runed translucent gate.
  2759 | D:3      | Found a runed translucent gate.
  2760 | D:3      | Noticed Unglued128's ghost (amateur DsNe)
  2805 | D:3      | Killed Unglued128's ghost
  2806 | D:3      | Reached skill level 6 in Air Magic
  3164 | D:3      | Noticed Robin
  3170 | D:3      | Killed Robin
  3171 | D:3      | Reached XP level 6. HP: 31/32 MP: 4/11
  3316 | D:3      | Noticed Terence
  3446 | D:3      | Killed Terence
  3446 | D:3      | HP: 1/28 [/static electricity (3)]
  4050 | D:3      | Noticed Sigmund
  4279 | D:3      | Killed from afar by Sigmund

Illustrated notes

Levels and vault maps discovered:
D:1:      erik_arrival_blinker_ship, layout_basic,
          hellmonk_ecumenical_altar_heavens_door, minmay_misc_feat_chi
D:2:      layout_basic, uniq_natasha
D:3:      layout_rooms, ebering_ghost_rock_garden, uniq_robin, uniq_terence,
          uniq_sigmund

Skill      XL: |  1  2  3  4  5 |
---------------+----------------+-----
Conjurations   | 2 3 |  3.7
Air Magic      | 5 6 |  6.5
Dodging        | 3 |  3.7
Spellcasting   | 3 |  3.1
Stealth        | |  2.0

Action                   |  1- 3 |  4- 6 || total
-------------------------+-------+-------++-------
Melee: Unarmed           |     9 |       ||     9
       Kick              |     2 |     1 ||     3
       Peck              |     1 |     1 ||     2
       Dagger            |     2 |     9 ||    11
 Cast: Shock             |    62 |    87 ||   149
       Static Discharge  |       |     4 ||     4
  Use: Scroll            |       |     4 ||     4
       Potion            |       |     2 ||     2
Armor: Robe              |     2 |     1 ||     3
Dodge: Dodged            |    16 |    15 ||    31
